 Dungeon Crawl Stone Soup version 0.26.1-11-gd32895ea62 (webtiles) character file.

Game seed: 2254517015426594332

6892 MisterFreud the Grappler (level 10, -2/96 HPs)
             Began as a Troll Monk on May 18, 2021.
             Slain by a troll (11 damage)
             ... on level 10 of the Dungeon.
             The game lasted 00:12:33 (6355 turns).

MisterFreud the Grappler (Troll Monk)               Turns: 6355, Time: 00:12:34

Health: -2/96      AC: 14    Str: 21    XL:     10   Next: 79%
Magic:  9/9        EV: 12    Int:  6    God:
Gold:   557        SH:  5    Dex: 15    Spells: 9/9 levels left

rFire    . . .     SeeInvis .     - Unarmed
rCold    + . .     Faith    .   (no shield)
rNeg     . . .     Spirit   .   B - +1 acid dragon scales
rPois    .         Reflect  +   i - +2 hat
rElec    .         Harm     .   (no cloak)
rCorr    +         Rampage  .   (gloves unavailable)
Will     .....                  (boots unavailable)
Stlth    +.........             k - amulet of reflection
HPRegen  0.66/turn              b - ring of protection from cold
MPRegen  0.11/turn              (no ring)

@: no status effects
A: large, unfitting armour, claws 3, regeneration 1, shaggy fur 1, tough skin 3
a: no special abilities


You were on level 10 of the Dungeon.
You visited 2 branches of the dungeon, and saw 11 of its levels.

You collected 557 gold pieces.

Inventory:

Missiles
 r - 7 boomerangs (quivered)
Armour
 a - a +0 robe
 i - a +2 hat (worn)
 B - +1 acid dragon scales (worn)
Jewellery
 b - a ring of protection from cold (left claw)
 k - an amulet of reflection (around neck)
 t - an uncursed ring of fire
Wands
 o - a wand of iceblast (6)
 s - a wand of enslavement (8)
 x - a wand of random effects (7)
 y - a wand of flame (16)
 A - a wand of paralysis (8)
Scrolls
 d - 5 scrolls of identify
 f - 3 scrolls of enchant weapon
 g - 2 scrolls of enchant armour
 j - 2 scrolls of fog
 l - 3 scrolls of remove curse
 p - 3 scrolls of teleportation
Potions
 c - a potion of haste
 e - a potion of might
 h - 3 potions of lignification
 m - a potion of heal wounds
 n - a potion of brilliance
 q - 3 potions of curing
 v - a potion of berserk rage
 w - a potion of cancellation {unknown}
 E - a potion of degeneration {unknown}


   Skills:
 - Level 5.0 Fighting
 + Level 7.9 Throwing
 + Level 5.1 Armour
 - Level 5.0 Dodging
 - Level 1.0 Stealth
 + Level 10.7 Unarmed Combat


You had 9 spell levels left.
You didn't know any spells.
Your spell library was empty.

Dungeon Overview and Level Annotations

Branches:
Dungeon (10/15)            Temple (1/1) D:6            Lair (0/6) D:9
    Orc: D:9-12

Altars:
Dithmenos
Gozag
Ru
Uskayaw
Xom
Yredelemnul

Shops:
D:5 *   D:7 [

Annotations:
D:6 3 runed translucent doors, Gwenloh's ghost, novice PaBe
D:7 1 runed translucent door


Innate Abilities, Weirdness & Mutations

You are too large for most types of armour.
You have claws for hands.
Your natural rate of healing is unusually fast.
You are covered in fur. (AC +1)
You have extremely tough skin. (AC +3)


Message History

You block the two-headed ogre's attack. The two-headed ogre closely misses you.
The troll bites you!
* * * LOW HITPOINT WARNING * * *
You block the troll's attack. The troll barely misses you.
You completely miss the two-headed ogre.
The two-headed ogre is almost dead.
The worker ant bites you but does no damage.
The two-headed ogre closely misses you. The two-headed ogre misses you.
The troll bites you!
* * * LOW HITPOINT WARNING * * *
The troll claws you.
* * * LOW HITPOINT WARNING * * *
The troll claws you.
* * * LOW HITPOINT WARNING * * *
You closely miss the two-headed ogre. You claw the two-headed ogre.
You kill the two-headed ogre!
The worker ant completely misses you.
Your Armour skill increases to level 5!
The troll bites you!
You die...

########### #....:.....
#######..........
#####.......@B)......
#.........†..T.......
#####....................
.......(.................
........>................
#####......######.......#
#......# #.......#
#......+ #.......+
##†.....# ..


You could see a troll and a worker ant.

Vanquished Creatures
  3 two-headed ogres
  Erica (D:9)
  Maggie (D:7)
  A troll (D:9)
  2 wyverns
  Edmund (D:6)
  A sky beast (D:8)
  An ice beast (D:7)
  A phantom (D:4)
  A necrophage (D:10)
  4 ogres
  3 centaurs
  A big kobold (D:8)
  Blork the orc (D:6)
  3 bullfrogs
  A water moccasin zombie (D:9)
  A scorpion (D:9)
  A wyvern skeleton (D:8)
  8 wights
  6 howler monkeys
  A centaur zombie (D:8)
  2 hounds
  2 quasits
  4 orc priests
  4 centaur skeletons
  A bullfrog skeleton (D:8)
  2 jellies
  11 orc wizards
  Ijyb (D:3)
  An iguana (D:9)
  4 worker ants
  2 killer bee zombies
  3 hound skeletons
  2 worker ant zombies
  6 gnolls
  12 adders
  2 shadow imps
  A white imp (D:9)
  2 ufetubi
  2 oozes
  2 adder zombies (D:9)
  3 adder skeletons
  2 dart slugs (D:1)
  3 worms
  7 leopard geckos
  31 orcs
  4 ball pythons
  10 bats
  4 giant cockroaches
  11 goblins
  8 hobgoblins
  11 jackals
  16 kobolds
  7 quokkas
  8 frilled lizards
  2 jackal skeletons
  6 rats
242 creatures vanquished.

Notes
Turn   | Place    | Note
-------+----------+-------------------------------------------
     0 | D:1      | MisterFreud the Troll Monk began the quest for the Orb.
     0 | D:1      | Reached XP level 1. HP: 22/22 MP: 0/0
   202 | D:1      | Reached XP level 2. HP: 29/29 MP: 1/1
   285 | D:1      | Reached skill level 4 in Unarmed Combat
   747 | D:1      | Reached XP level 3. HP: 36/36 MP: 2/2
   971 | D:2      | Reached skill level 5 in Unarmed Combat
   971 | D:2      | Reached XP level 4. HP: 36/44 MP: 3/3
  1249 | D:2      | Reached XP level 5. HP: 50/50 MP: 4/4
  1683 | D:3      | Reached skill level 6 in Unarmed Combat
  1770 | D:3      | Noticed Ijyb
  1782 | D:3      | Killed Ijyb
  1833 | D:3      | Reached XP level 6. HP: 59/59 MP: 5/5
  1847 | D:3      | Reached skill level 7 in Unarmed Combat
  2521 | D:4      | Reached skill level 8 in Unarmed Combat
  2562 | D:4      | Reached XP level 7. HP: 66/66 MP: 6/6
  2733 | D:4      | Found a shadowy altar of Dithmenos.
  2876 | D:5      | Entered Level 5 of the Dungeon
  3035 | D:5      | Found Veddirch's Assorted Antiques.
  3497 | D:6      | Found a sacrificial altar of Ru.
  3506 | D:6      | Reached XP level 8. HP: 78/78 MP: 7/7
  3521 | D:6      | Noticed Edmund
  3532 | D:6      | Reached skill level 1 in Throwing
  3539 | D:6      | Noticed Blork the orc
  3560 | D:6      | Killed Edmund
  3567 | D:6      | Killed Blork the orc
  3646 | D:6      | Found a runed translucent gate.
  3646 | D:6      | Found a runed translucent gate.
  3647 | D:6      | Found a runed translucent gate.
  3659 | D:6      | Found a staircase to the Ecumenical Temple.
  3687 | Temple   | Entered the Ecumenical Temple
  3768 | D:6      | Found a hide-covered altar of Uskayaw.
  3868 | D:6      | Noticed Gwenloh's ghost (novice PaBe)
  3928 | D:7      | Reached skill level 5 in Fighting
  3928 | D:7      | Reached skill level 5 in Dodging
  4136 | D:7      | Noticed a sixfirhy
  4138 | D:7      | Found a runed translucent door.
  4243 | D:7      | Found Uppe's Armour Shoppe.
  4264 | D:7      | Reached XP level 9. HP: 73/88 MP: 8/8
  4299 | D:7      | Noticed Maggie
  4320 | D:7      | HP: 4/88 [Maggie/bolt of fire (17)]
  4323 | D:7      | Killed Maggie
  4324 | D:7      | Reached skill level 5 in Throwing
  4571 | D:8      | Found a basalt altar of Yredelemnul.
  4593 | D:8      | Reached skill level 9 in Unarmed Combat
  4596 | D:8      | Reached skill level 1 in Armour
  4721 | D:8      | Noticed a two-headed ogre
  4727 | D:8      | Killed a two-headed ogre
  4934 | D:8      | Found an opulent altar of Gozag.
  5033 | D:8      | Reached XP level 10. HP: 88/96 MP: 9/9
  5153 | D:9      | Noticed a two-headed ogre
  5155 | D:9      | Found a staircase to the Lair.
  5165 | D:9      | Killed a two-headed ogre
  5166 | D:9      | Reached skill level 10 in Unarmed Combat
  5223 | D:9      | Noticed Erica
  5247 | D:9      | Killed Erica
  6315 | D:10     | Entered Level 10 of the Dungeon
  6339 | D:10     | Noticed a two-headed ogre
  6354 | D:10     | Killed a two-headed ogre
  6355 | D:10     | Reached skill level 5 in Armour
  6355 | D:10     | Slain by a troll

Illustrated notes

Levels and vault maps discovered:
D:1:      minmay_arrival_diagonal_passages, layout_basic, item_on_display_a
D:2:      layout_basic, grunt_decor_cap
D:3:      layout_basic, uniq_ijyb
D:4:      layout_rooms, st_stairs_6, grunt_dithmenos_shadows
D:5:      layout_rooms, serial_shops, shop
D:6:      layout_rooms, eat_drink_and_be_merry_uskayaw,
          nicolae_ru_great_annihilating_truth, minmay_temple_entry_mist,
          gammafunk_ghost_necromancy, uniq_edmund, uniq_blork_the_orc
D:7:      cheibrodos_shockbox, layout_rooms, serial_shops, shop, uniq_maggie
D:8:      layout_rooms, nicolae_gozag_seed_capital, yredelemnul_altar_generic
D:9:      layout_layer_cave, lair_entry_dummy, uniq_erica
D:10:     layout_irregular_city, david_orc_5, minmay_the_grid_2x2
          [minmay_the_grid_x, minmay_the_grid_expand,
          minmay_the_grid_pillar_ring, minmay_the_grid_prize_four_corners]
Temple:   dpeg_five_rooms_temple

Skill      XL: |  1  2  3  4  5  6  7  8  9 10 |
---------------+-------------------------------+-----
Unarmed Combat | 4 5 6 8 9 10 | 10.7
Fighting       | 4 5 |  5.0
Dodging        | 4 5 |  5.0
Throwing       | 4 6 7 |  7.9
Armour         | 3 5 |  5.1
Stealth        | |  1.0

Action                   |  1- 3 |  4- 6 |  7- 9 | 10-12 || total
-------------------------+-------+-------+-------+-------++-------
Melee: Unarmed           |    95 |   177 |   330 |   138 ||   740
       Punch             |     1 |     7 |    13 |     7 ||    28
  Use: Scroll            |       |       |    13 |       ||    13
       Potion            |       |       |     1 |       ||     1
 Stab: Sleeping          |     3 |     2 |     2 |     1 ||     8
       Distracted        |       |     1 |       |       ||     1
       Paralysed         |       |       |     1 |       ||     1
Armor: Robe              |    31 |    45 |    71 |       ||   147
       Acid dragon scale |       |       |    31 |    45 ||    76
Dodge: Dodged            |    55 |    53 |   166 |    72 ||   346
Block: Other             |     2 |    40 |    74 |    27 ||   143
       Reflection        |       |     3 |     5 |       ||     8
